cohdb
Replays
Latest Replays
All Replays
Popular Replays
Top Player Replays
Match Explorer
How It Works
Community
CoH3 Stats
Reddit
Sign in to upload your games and track your stats! →
Sign in with Steam
Match 41397120
Unlisted
Match 41397120
Overview
Messages
Build Orders
End
Panzergrenadier Squad
Kradschützen Motorcycle Team
Panzergrenadier Squad
Panzergrenadier Squad
Construct Light Support Kompanie
Fire Support Elements
Construct Mechanized Kompanie
8 Rad Armored Car
Emergency Repair Kits
Panzerjäger Mechanized Group
Selects Panzerjäger Kommand Battlegroup
Selects Tank Busters
Selects Mine Fields
Vehicle Survival Package
StuG III D Assault Gun
Construct Panzerarmee Kommand
Walking Stuka Rocket Launcher
Rapid Advance
Selects Defensive Positions
Selects Butterfly Bomb Drop
Pak 38 Mechanized Group
Armored Reserves
Samson (MykillJackson)
DanteOne
DaMayzr
EisregenKubus0
Interloper
鲜榨果汁
Jonesey
Happy Se Hyeon
0
0
Comments
sign in to comment!
No comments posted yet!